 Dungeon Crawl Stone Soup version 0.20.1-1-g8b1a95d (webtiles) character file.

133 letownia2 the Grave Robber (level 4, -2/36 HPs)
             Began as a Deep Dwarf Necromancer on Nov 3, 2017.
             Slain by a centaur skeleton (5 damage)
             ... on level 4 of the Dungeon.
             The game lasted 00:04:02 (1692 turns).

letownia2 the Grave Robber (Deep Dwarf Necromancer) Turns: 1692, Time: 00:04:02

Health: -2/36      AC:  3    Str: 11    XL:     4   Next: 94%
Magic:  7/7        EV: 12    Int: 17    God:
Gold:   101        SH:  0    Dex: 13    Spells: 3/7 levels left

rFire    + + .     SeeInvis .   n - -2 hand axe (curse)
rCold    . . .     Gourm    .   (no shield)
rNeg     + + .     Faith    .   g - +0 leather armour "Duguydgh" {rF++ rN++ Slay-3} (curse)
rPois    .         Spirit   .   (no helmet)
rElec    .         Reflect  .   (no cloak)
rCorr    .         Harm     .   (no gloves)
MR       .....                  (no boots)
Stlth    +.........             (no amulet)
Regen    0.0/turn               k - ring of loudness (curse)
MPRegen  0.1/turn               (no ring)

@: non-regenerating
A: damage resistance, heal wounds, sense surroundings 1, no regeneration
a: Heal Wounds


You were on level 4 of the Dungeon.
You were not hungry.

You visited 1 branch of the dungeon, and saw 4 of its levels.

You collected 101 gold pieces.

Inventory:

Hand Weapons
 a - a +0 dagger
 n - a cursed -2 hand axe (weapon)
Armour
 g - the cursed +0 leather armour "Duguydgh" (worn) {rF++ rN++ Slay-3}
   (You found it on level 4 of the Dungeon)

   It affects your accuracy and damage with ranged weapons and melee attacks
   (-3).
   It greatly protects you from fire.
   It greatly protects you from negative energy.
   It has a curse placed upon it.
 h - a +0 ring mail
Jewellery
 k - a cursed ring of loudness (left hand)
Scrolls
 d - a scroll of remove curse {unknown}
 e - 2 scrolls of identify
 l - a scroll of amnesia {unknown}
Potions
 f - a potion of degeneration
 i - 2 potions of heal wounds {unknown}
 j - a potion of curing {unknown}
Books
 b - a book of Necromancy

   Spells                             Type                      Level
   a - Pain                           Necromancy                   1
   b - Animate Skeleton               Necromancy                   1
   c - Vampiric Draining              Necromancy                   3
   d - Regeneration                   Charms/Necromancy            3
   e - Animate Dead                   Necromancy                   4
   f - Control Undead                 Necromancy                   4
Comestibles
 c - 2 bread rations
 m - a royal jelly
 o - a chunk of flesh


   Skills:
 - Level 2.1 Dodging
 - Level 2.4 Stealth
 - Level 2.2 Spellcasting
 + Level 6.6 Necromancy


You had 3 spell levels left.
You knew the following spells:

 Your Spells              Type           Power        Failure   Level  Hunger
a - Pain                  Necr           ###.         1%          1    #......
v - Vampiric Draining     Necr           ###.......   4%          3    ###....


Dungeon Overview and Level Annotations

Branches:
Dungeon (4/15)
 Temple: D:4-7

Altars:
Elyvilon
Kikubaaqudgha
Ru
Yredelemnul

Shops:
D:4 (=

Annotations:
D:3 Sigmund
D:4 Eustachio


Innate Abilities, Weirdness & Mutations

You are resistant to damage.
You can heal yourself by infusing magical energy.
You passively map a small area around you.
You do not regenerate.


Message History

Unknown command.
Put on which piece of jewellery? (? for menu, Esc to quit)
Okay, then.
As you read the scroll labeled UFFESEIPT, it crumbles to dust.
It is a scroll of identify.
f - a potion of degeneration The centaur skeleton barely misses you.
The centaur skeleton closely misses you.
Wield which item (- for none, * to show all)? (? for menu, Esc to quit)
It sticks to your hand!
n - a cursed -2 hand axe (weapon)
You hit the centaur skeleton.
The centaur skeleton is severely damaged.
The centaur skeleton closely misses you.
The centaur skeleton misses you.
Unknown command.
You hit the centaur skeleton.
The centaur skeleton is almost destroyed.
The centaur skeleton hits you.
You die...

# #.......#........### #.# #
#.###...##.....#.####### #.#
####.#<#............#.....#####.#
....................+.....'......
###..#.#....#####...#.....#####.#
# #..#.#.#.######...####### #.# #
#..#...#..........####### #.# #
#..#############........# #.# #
#..# .......@Z........# #.# #
#.)#.# #########........# #.# #
#..#.#, ,,, #........# #.. #..#.#
** ,*#........# ### #..#.# ,
#........# #..#.#, *, #........#
#..#.# , #........# ###..#.###
.........# .........# *
#.........#


You could see a centaur skeleton.

Vanquished Creatures
  A jelly (D:4)
  An iguana (D:4)
  2 worker ants (D:4)
  An adder (D:4)
  An adder skeleton (D:4)
  A dart slug (D:4)
  A leopard gecko (D:3)
  2 orcs (D:4)
  A goblin (D:1)
  2 jackals (D:4)
  A kobold (D:3)
  3 bats
  A frilled lizard (D:4)
  3 rats (D:3)
21 creatures vanquished.

Notes
Turn   | Place    | Note
-------+----------+-------------------------------------------
     0 | D:1      | letownia2 the Deep Dwarf Necromancer began the quest for the Orb.
     0 | D:1      | Reached XP level 1. HP: 15/15 MP: 3/3
   356 | D:3      | Reached XP level 2. HP: 22/22 MP: 3/5
   415 | D:3      | Noticed Sigmund
   597 | D:4      | Noticed Eustachio
   643 | D:4      | Reached skill level 5 in Necromancy
   643 | D:4      | Reached XP level 3. HP: 3/28 MP: 0/6
   651 | D:4      | Learned a level 3 spell: Vampiric Draining
   812 | D:4      | Found a white marble altar of Elyvilon.
   812 | D:4      | Found a basalt altar of Yredelemnul.
   813 | D:4      | Found a sacrificial altar of Ru.
   951 | D:4      | Reached XP level 4. HP: 11/36 MP: 0/7
  1029 | D:4      | Found an ancient bone altar of Kikubaaqudgha.
  1036 | D:4      | Reached skill level 6 in Necromancy
  1142 | D:4      | Found Defalyke's Jewellery Shop.
  1379 | D:4      | Found Mipres's Weapon Shop.
  1475 | D:4      | Got a shimmering leather armour
  1486 | D:4      | Identified the cursed +0 leather armour "Duguydgh" {rF++ rN++ Slay-3} (You found it on level 4 of the Dungeon)
  1692 | D:4      | Slain by a centaur skeleton

Skill      XL: |  1  2  3  4 |
---------------+-------------+-----
Spellcasting   | 2 |  2.2
Necromancy     | 5 6 |  6.6
Dodging        | |  2.1
Stealth        | |  2.4

Action                   |  1- 3 |  4- 6 || total
-------------------------+-------+-------++-------
Melee: Dagger            |     5 |    30 ||    35
       Hand axe          |       |     2 ||     2
 Cast: Pain              |    25 |     8 ||    33
       Vampiric Draining |     2 |     6 ||     8
  Use: Scroll            |       |     1 ||     1
  Eat: Chunk             |     1 |     3 ||     4
Armor: Ring mail         |     2 |     5 ||     7
Dodge: Dodged            |    17 |    25 ||    42
